 Dungeon Crawl Stone Soup version 0.27-a0-797-g27d10ad80f (webtiles) character file.

Game seed: 6240541414983914103

5176 Armakuni the Destroyer (level 10, -9/63 HPs)
             Began as a Human Conjurer on Mar 27, 2021.
             Was an Initiate of Gozag.
             Shot with an arrow by a centaur warrior (25 damage)
             ... on level 8 of the Dungeon.
             The game lasted 00:32:30 (10795 turns).

Armakuni the Destroyer (Human Conjurer)            Turns: 10795, Time: 00:32:31

Health: -9/63      AC:  8    Str:  8    XL:     10   Next: 90%
Magic:  33/33      EV: 12    Int: 20    God:    Gozag
Gold:   10         SH:  5    Dex: 12    Spells: 19/29 levels left

rFire    . . .     SeeInvis +   a - +5 demon whip of Dominance {vamp, rN+ Str-3 Int+2 SInv}
rCold    + . .     Faith    .   (no shield)
rNeg     + . .     Spirit   .   j - +1 robe {rC+}
rPois    .         Reflect  +   k - +0 helmet
rElec    .         Harm     .   (no cloak)
rCorr    .         Rampage  .   (no gloves)
Will     .....                  (no boots)
Stlth    ++........             H - amulet of reflection
HPRegen  0.20/turn              M - ring of magical power
MPRegen  0.23/turn              A - +4 ring of protection

@: no status effects
A: no striking features
a: Renounce Religion, Potion Petition, Call Merchant, Bribe Branch


You were on level 8 of the Dungeon.
You worshipped Gozag.
Gozag was noncommittal.
You visited 2 branches of the dungeon, and saw 10 of its levels.

You collected 1078 gold pieces.
You spent 559 gold pieces at shops.
You paid 509 gold pieces to Gozag.

Inventory:

Hand Weapons
 a - the +5 demon whip of Dominance (weapon) {vamp, rN+ Str-3 Int+2 SInv}
   (You bought it in a shop on level 7 of the Dungeon)

   It inflicts no extra harm, but heals its wielder when it wounds a living foe.
   It affects your strength (-3).
   It affects your intelligence (+2).
   It protects you from negative energy.
   It lets you see invisible.
 g - the +6 rapier of Prudence {vorpal, rPois rF- Will++ Dex+4}
   (You found it on level 6 of the Dungeon)

   It inflicts extra damage upon your enemies.
   It affects your dexterity (+4).
   It makes you vulnerable to fire.
   It protects you from poison.
   It affects your willpower, your defense against some magical effects.
 u - a +4 long sword
Missiles
 h - 5 throwing nets
 q - a curare-tipped dart
Armour
 c - a +0 ring mail
 j - a +1 robe of cold resistance (worn)
 k - a +0 helmet (worn)
 t - a +2 robe of cold resistance
Jewellery
 A - a +4 ring of protection (right hand)
 H - an amulet of reflection (around neck)
 I - a ring of see invisible
 M - a ring of magical power (left hand)
 P - a ring of poison resistance
Wands
 m - a wand of random effects (9)
 w - a wand of flame (19)
Scrolls
 b - a scroll of identify
 f - a scroll of holy word
 i - a scroll of silence
 s - a scroll of torment
 x - a scroll of amnesia
 y - a scroll of magic mapping
Potions
 d - 3 potions of cancellation
 e - 3 potions of lignification
 l - 2 potions of flight
 n - a potion of might
 o - a potion of degeneration {unknown}
 p - a potion of brilliance {unknown}
 r - a potion of haste
 v - 2 potions of attraction
 z - a potion of magic {unknown}


   Skills:
 + Level 3.1 Dodging
 - Level 2.0 Stealth
 - Level 10.0 Spellcasting
 - Level 10.0 Conjurations
 - Level 4.0 Hexes
 - Level 4.0 Translocations


You had 19 spell levels left.
You knew the following spells:

 Your Spells              Type           Power      Damage    Failure   Level
m - Iskenderun's Mystic   Conj/Tloc      38%        2d9       3%          4
p - Fulminant Prism       Conj/Hex       19%        3d11      3%          4
z - Searing Ray           Conj           100%       3d7       1%          2

Your spell library contained the following spells:

 Spells                   Type           Power      Damage    Failure   Level
 Apportation              Tloc           52%        N/A       1%          1
 Corona                   Hex            28%        N/A       1%          1
 Magic Dart               Conj           100%       1d8       1%          1
 Dazzling Flash           Conj/Hex       76%        N/A       1%          3
 Confusing Touch          Hex            26%        N/A       4%          3
 Gell's Gravitas          Tloc           13%        N/A       4%          3
 Animate Skeleton         Necr           20%        N/A       7%          1
 Summon Small Mammal      Summ           40%        N/A       7%          1
 Petrify                  Tmut/Erth      10%        N/A       56%         4
 Metabolic Englaciation   Hex/Ice        9%         N/A       63%         5
 Yara's Violent Unravell  Hex/Tmut       9%         3d6       63%         5


Dungeon Overview and Level Annotations

Branches:
Dungeon (9/15)             Temple (1/1) D:5
   Lair: D:8-11         Orc: D:9-12

Altars:
Ashenzari
Cheibriados
Dithmenos
Elyvilon
Fedhas
Gozag
Hepliaklqana
Kikubaaqudgha
Makhleb
Nemelex Xobeh
Okawaru
Qazlal
Ru
Sif Muna
Trog
Uskayaw
Vehumet
Wu Jian
Xom
Yredelemnul
Zin
The Shining One

Shops:
D:6 *   D:7 (

Annotations:
D:7 2 transporters, Lanoc's ghost, novice DjSu


Message History

There is a stone staircase leading up, spattered with blood here.
Aiming: Searing Ray (safe; 1% risk of failure)
Press: ? - help, Q - select action, (/) - cycle Shift-Dir - straight line, f - centaur
Aim: a centaur, wielding a +0 dagger, quivering arrows and carrying a wand of random effects (13) (wandering, hasn't noticed you, 10% to evade)
The searing ray misses the centaur. (Press . to maintain the ray.)
The centaur shouts!
The centaur unwields a +0 dagger.
The centaur wields a +0 shortbow.
The centaur shoots an arrow.
You reflect the arrow off an invisible shield around you!
The arrow hits the centaur!
The centaur shoots an arrow.
The arrow hits you.
The searing ray misses the centaur.
The centaur shoots an arrow.
The arrow hits you!
The searing ray hits the centaur!
You kill the centaur!
Your Dodging skill increases to level 3!
You start resting.
A centaur warrior is nearby!
Aiming: Random Effects
Press: ? - help, Shift-Dir - straight line, f - centaur warrior
Aim: a centaur warrior, wielding a +0 longbow, wearing a +0 robe and quivering arrows (wandering, hasn't noticed you)
The centaur warrior shouts!
The centaur warrior easily resists.
The centaur warrior shoots an arrow.
The arrow hits you!!
The centaur warrior shoots an arrow.
The arrow hits you!
* * * LOW HITPOINT WARNING * * *
You climb upwards.
Level annotation: 2 transporters, Lanoc's ghost, novice DjSu
There is a stone staircase leading down here.
You start resting.
Magic restored.
You start resting.
HP restored.
You climb downwards.
The centaur warrior shoots an arrow.
The arrow hits you!!
The centaur warrior shoots an arrow.
The arrow hits you!!
* * * LOW HITPOINT WARNING * * *
There is a stone staircase leading up, spattered with blood here.
The centaur warrior shoots an arrow.
The arrow hits you!!
You die...
Your body crumbles into a pile of gold.

#...#..#..*....#
#...##.#.......##
#..<#..[)[..(...#
#...[[####......#
##..#.####.##...#
##[#.(.....##...#
##.........##..#
#.....##....##..#
##....@#....# ..##
####.).))..# #..#
#............#....##
#.......###.)......#
#.../...# ###..#.#.#
....##..# ..# #...
...c .... ..# ....#
..... ## ......
.......


You could see a centaur warrior.

Vanquished Creatures
  Harold (D:7)
  A hornet (D:8)
  2 steam dragons (D:7)
  A vampire mosquito (D:7)
  Menkaure (D:4)
  A water moccasin (D:6)
  An acid dragon (D:8)
  2 sky beasts (D:7)
  A hornet zombie (D:5)
  2 necrophages
  4 ogres
  4 orc warriors
  A black bear (D:8)
  3 ice beasts
  3 centaurs
  Blork the orc (D:4)
  A kobold brigand (D:7)
  A bullfrog (D:8)
  A scorpion (D:4)
  A water moccasin skeleton (D:7)
  5 killer bees (D:8)
  4 howler monkeys
  5 wights
  3 centaur zombies
  A lava snake (D:7)
  2 bullfrog zombies
  3 hounds
  2 jellies
  2 centaur skeletons (D:7)
  2 orc priests (D:8)
  A bullfrog skeleton (D:5)
  3 iguanas
  5 orc wizards
  Natasha (twice) (D:4)
  A killer bee zombie (D:7)
  4 gnolls (D:5)
  4 adders
  A shadow imp (D:8)
  A white imp (D:7)
  An ufetubus (D:5)
  2 worms
  2 dart slugs
  20 orcs
  2 endoplasms (D:3)
  3 giant cockroaches
  5 goblins
  9 hobgoblins
  14 jackals
  12 kobolds
  3 quokkas
  4 ball pythons
  3 bats
  4 frilled lizards
  4 rats
172 creatures vanquished.

Vanquished Creatures (others)
  24 fulminant prisms
24 creatures vanquished.

Grand Total: 196 creatures vanquished

Notes
Turn   | Place    | Note
-------+----------+-------------------------------------------
     0 | D:1      | Armakuni the Human Conjurer began the quest for the Orb.
     0 | D:1      | Reached XP level 1. HP: 13/13 MP: 3/3
   333 | D:1      | Reached XP level 2. HP: 19/19 MP: 0/5
   336 | D:1      | Learned a level 2 spell: Searing Ray
   909 | D:1      | Reached XP level 3. HP: 24/24 MP: 2/6
  1632 | D:2      | Reached XP level 4. HP: 30/30 MP: 4/8
  2159 | D:3      | Learned a level 4 spell: Fulminant Prism
  2216 | D:3      | Found an iron altar of Okawaru.
  2417 | D:3      | Reached skill level 5 in Conjurations
  2453 | D:3      | Reached XP level 5. HP: 35/35 MP: 2/10
  3480 | D:4      | Noticed an ogre
  3503 | D:4      | Killed an ogre
  3504 | D:4      | Reached XP level 6. HP: 7/41 MP: 1/12
  4042 | D:4      | Noticed Blork the orc
  4050 | D:4      | Killed Blork the orc
  4202 | D:4      | Noticed Menkaure
  4219 | D:4      | Killed Menkaure
  4220 | D:4      | Reached skill level 5 in Spellcasting
  4220 | D:4      | Reached XP level 7. HP: 46/46 MP: 14/14
  4270 | D:4      | Learned a level 4 spell: Iskenderun's Mystic Blast
  4370 | D:4      | Noticed Natasha
  4375 | D:4      | Killed Natasha
  4433 | D:4      | Found a white marble altar of Elyvilon.
  4623 | D:4      | Noticed Natasha
  4627 | D:4      | Killed Natasha
  4821 | D:5      | Entered Level 5 of the Dungeon
  5002 | D:5      | Reached XP level 8. HP: 52/52 MP: 16/16
  5170 | D:5      | Found a staircase to the Ecumenical Temple.
  5189 | Temple   | Entered the Ecumenical Temple
  5438 | Temple   | Became a worshipper of Gozag Ym Sagoz the Greedy
  6738 | D:6      | Identified the +6 rapier of Prudence {vorpal, rPois rF-
                  | Will++ Dex+4}
  6779 | D:6      | Found Gatetzea's Assorted Antiques.
  6782 | D:6      | Bought an amethyst potion for 19 gold pieces
  6807 | D:6      | Reached XP level 9. HP: 49/57 MP: 19/19
  7020 | D:7      | Noticed Lanoc's ghost (novice DjSu)
  7022 | D:7      | Found a bloodstained altar of Trog.
  7030 | D:7      | Found a transporter.
  7031 | D:7      | Noticed a moth of wrath
  7045 | D:7      | Found a transporter.
  7091 | D:7      | Noticed Harold
  7101 | D:7      | Killed Harold
  7521 | D:7      | Reached skill level 10 in Conjurations
  7711 | D:7      | Reached XP level 10. HP: 63/63 MP: 22/22
  8625 | D:8      | Reached skill level 10 in Spellcasting
  8714 | D:7      | Reached skill level 1 in Hexes
  8714 | D:7      | Reached skill level 1 in Translocations
  9897 | D:8      | Identified the +5 mace of Lesamafi {protect, +Blink Dex+5}
  9897 | D:8      | Noticed a centaur warrior
 10195 | D:8      | Noticed a two-headed ogre
 10406 | D:8      | Noticed a two-headed ogre
 10474 | D:8      | Identified the +3 great sword "Haerad" {vorpal, +Blink
                  | rPois Int+4 Dex-4}
 10513 | D:7      | Bought a transparent demon whip for 540 gold pieces
 10513 | D:7      | Identified the +5 demon whip of Dominance {vamp, rN+ Str-3
                  | Int+2 SInv} (You bought it in a shop on level 7 of the
                  | Dungeon)
 10795 | D:8      | Shot with an arrow by a centaur warrior

Illustrated notes

Levels and vault maps discovered:
D:1:      shiori_arrival_whats_in_store_for_you, layout_basic
D:2:      layout_basic, dk_noncrumbling_2
D:3:      layout_loops_corners, general_overflow_altar
D:4:      layout_cave_pods, elyvilon_altar_3, uniq_blork_the_orc, uniq_menkaure,
          uniq_natasha
D:5:      layout_layer_cave, minmay_temple_entry_sparse_star
D:6:      layout_basic, serial_shops, kennysheep_mini_moat
D:7:      layout_loops_ring, gammafunk_ghost_wrathful_warriors,
          kennysheep_decorative_pillar, uniq_harold
D:8:      minmay_the_grid_triangle_9x9_rhombus_thin
          [minmay_the_grid_triangle_9x9_impossible_snake,
          minmay_the_grid_triangle_9x9_prize_insulated,
          minmay_the_grid_triangle_9x9_skeleton,
          minmay_the_grid_triangle_9x9_alien], layout_cave_pools
D:9:      layout_long_grid
Temple:   roderic_octagonal_lattice_temple

Skill      XL: |  1  2  3  4  5  6  7  8  9 10 |
---------------+-------------------------------+-----
Spellcasting   | 3 4 5 7 8 10 | 10.0
Conjurations   | 5 6 7 8 10 | 10.0
Hexes          | 4 |  4.0
Translocations | 4 |  4.0
Dodging        | 3 |  3.1
Stealth        | |  2.0

Action                   |  1- 3 |  4- 6 |  7- 9 | 10-12 || total
-------------------------+-------+-------+-------+-------++-------
Melee: Short sword       |     5 |       |       |       ||     5
       Quarterstaff      |     8 |    13 |     2 |     2 ||    25
 Cast: Magic Dart        |    56 |     8 |       |       ||    64
       Searing Ray       |     4 |    27 |    49 |    41 ||   121
       Fulminant Prism   |       |       |       |    24 ||    24
       Iskenderun's Myst |       |       |       |     6 ||     6
Invok: Call Merchant     |       |       |       |     1 ||     1
Evoke: Wand              |       |       |     6 |     1 ||     7
  Use: Scroll            |       |     9 |     6 |     3 ||    18
       Potion            |       |       |     1 |     2 ||     3
Armor: Robe              |     2 |       |    12 |    22 ||    36
       Ring mail         |     3 |       |       |       ||     3
       Skin              |       |       |     2 |       ||     2
Dodge: Dodged            |    11 |    15 |    29 |    46 ||   101
Block: Other             |       |     1 |     8 |    18 ||    27
       Reflection        |       |       |       |     5 ||     5
       Rpst.: Long sword |       |       |       |     4 ||     4

Table legend: (Time is in decaauts)
 A = Elapsed time spent in this place.
 B = Non-inter-level travel time spent in this place.
 C = Inter-level travel time spent in this place.
 D = Time resting spent in this place.
 E = Time spent auto-exploring this place.
 F = Levels seen in this place.
 G = Mean time per level.
                   A        B        C        D        E       F      G
               +--------+--------+--------+--------+--------+-----+--------+
         Total |  10824 |  10385 |    439 |   3411 |   4941 |  10 | 1082.4 |
       Dungeon |  10521 |  10098 |    423 |   3411 |   4664 |   9 | 1169.0 |
        Temple |    302 |    286 |     16 |      0 |    277 |   1 |  302.0 |
               +--------+--------+--------+--------+--------+-----+--------+

Top non-repeatable levels by time:
     D:7: 3131 daAuts
     D:4: 1423 daAuts
     D:3: 1397 daAuts
     D:5: 1270 daAuts
     D:1: 1117 daAuts
     D:2: 964 daAuts
     D:8: 611 daAuts
     D:6: 534 daAuts
  Temple: 302 daAuts
     D:9: 71 daAuts
